 Dungeon Crawl Stone Soup version 0.28-a0-224-g76b539d98b (webtiles) character file.

Game seed: 324001929584595799

104 zazu2006 the Magician (level 4, -4/36 HPs)
             Began as a Naga Hedge Wizard on Aug 21, 2021.
             Killed by miscasting Mephitic Cloud (12 damage)
             ... on level 3 of the Dungeon.
             The game lasted 00:05:28 (2621 turns).

zazu2006 the Magician (Naga Hedge Wizard)           Turns: 2621, Time: 00:05:29

Health: -4/36      AC:  3    Str: 12    XL:     4   Next: 80%
Magic:  1/10       EV: 10    Int: 16    God:
Gold:   58         SH:  0    Dex: 10    Spells: 2/11 levels left

rFire   + . .      SeeInvis +   a - +0 dagger
rCold   x . .      Faith    .   (no shield)
rNeg    . . .      Spirit   .   b - +0 robe
rPois   +          Reflect  .   c - +0 hat
rElec   .          Harm     .   h - +0 cloak
rCorr   .          Rampage  .   (no gloves)
Will    .....                   (no barding)
Stlth   ++........              (no amulet)
HPRegen 0.12/turn               d - ring of fire
MPRegen 0.12/turn               (no ring)

@: very slightly contaminated, very slow
A: AC +1, large, see invisible, deformed body, poison resistance, slowness 2,
spit poison 1, naga tail 1
a: Spit Poison


You were on level 3 of the Dungeon.
You visited 1 branch of the dungeon, and saw 3 of its levels.

You collected 58 gold pieces.

Inventory:

Hand Weapons
 a - a +0 dagger (weapon)
Armour
 b - a +0 robe (worn)
 c - a +0 hat (worn)
 h - a +0 cloak (worn)
Jewellery
 d - a ring of fire (left hand)
Scrolls
 e - a scroll of vulnerability {unknown}
 g - a scroll of teleportation {unknown}
 i - 4 scrolls of identify {unknown}
 k - a scroll of magic mapping {unknown}
 l - a scroll of silence {unknown}
 m - a scroll of immolation {unknown}
Potions
 f - a potion of curing {unknown}
 j - a potion of magic


   Skills:
 + Level 1.8 Dodging
 + Level 3.6 Stealth
 + Level 4.1 Spellcasting
 + Level 2.5 Conjurations
 + Level 1.0 Summonings
 + Level 1.0 Translocations


You had 2 spell levels left.
You knew the following spells:

 Your Spells              Type           Power      Damage    Failure   Level
a - Magic Dart            Conj           44%        1d5       6%          1
b - Mephitic Cloud        Conj/Pois/Air  6%         N/A       34%         3
c - Conjure Flame         Conj/Fire      11%        6-21      30%         3
d - Blink                 Tloc           N/A        N/A       17%         2

Your spell library contained the following spells:

 Spells                   Type           Power      Damage    Failure   Level
 Call Imp                 Summ           6%         N/A       17%         2
 Slow                     Hex            3%         N/A       26%         2
 Confusing Touch          Hex            3%         N/A       45%         3
 Vampiric Draining        Necr           1%         2d6       45%         3
 Summon Forest            Summ/Tloc      3%         N/A       97%         5
 Eringya's Noxious Bog    Tmut/Pois      1%         N/A       100%        6
 Summon Hydra             Summ           3%         N/A       100%        7


Dungeon Overview and Level Annotations

Branches:
Dungeon (3/15)

Altars:

Annotations:
D:3 Sigmund


Innate Abilities, Weirdness & Mutations

Your serpentine skin is tough. (AC +1)
You have supernaturally acute eyesight. (SInv)
Armour fits poorly on your strangely shaped body.
Your system is resistant to poisons. (rPois)
You cover ground very slowly.
You can spit poison.
You have a snake-like lower body.


Message History

The gnoll looks more healthy.
An orc comes into view. It is wielding a +0 mace.
The gnoll barely misses you.
Casting: Mephitic Cloud (quite dangerous; 34% risk of failure)
Confirm with . or Enter, or press ? or * to list all spells.
The spell is quite dangerous to cast (34% risk of failure)!
Continue anyway?
Aiming: Mephitic Cloud (quite dangerous; 34% risk of failure)
Press: ? - help, Shift-Dir - straight line, f/p - gnoll
Aim: a gnoll, wielding a +0 spear (severely wounded, chance to affect: 91%)
The ball explodes into a vile cloud!
The stinking cloud engulfs the gnoll but does no damage.
The gnoll is severely wounded.
The stinking cloud engulfs the gnoll but does no damage.
The gnoll is lightly wounded.
The orc shouts! x2; You hear an angry hiss.
The gnoll is engulfed in noxious fumes.
The gnoll appears confused.
The gnoll is engulfed in noxious fumes.
Unknown command.
Casting: Mephitic Cloud (quite dangerous; 34% risk of failure)
Confirm with . or Enter, or press ? or * to list all spells.
The spell is quite dangerous to cast (34% risk of failure)!
Continue anyway? [Y]es or [N]o only, please.
The spell is quite dangerous to cast (34% risk of failure)!
Continue anyway?
Aiming: Mephitic Cloud (quite dangerous; 34% risk of failure)
Press: ? - help, Shift-Dir - straight line, f - orc, p - gnoll
Aim: an orc, wielding a +0 mace (chance to affect: 96%)
You miscast Mephitic Cloud.
You are very lightly contaminated with residual magic.
Nothing appears to happen.
The gnoll is engulfed in noxious fumes.
The gnoll appears confused.
Unknown command.
Casting: Mephitic Cloud (quite dangerous; 34% risk of failure)
Confirm with . or Enter, or press ? or * to list all spells.
The spell is quite dangerous to cast (34% risk of failure)!
Continue anyway?
Aiming: Mephitic Cloud (quite dangerous; 34% risk of failure)
Press: ? - help, Shift-Dir - straight line, f/p - orc
Aim: an orc, wielding a +0 mace (chance to affect: 96%)
You miscast Mephitic Cloud.
You are caught in an explosion of electrical discharges!
You die...

###......##.....##.....# ##.#
......##..#.##########.###..#
....#..##...# #.....##
.##.........# ######...###
#.........# ##........#
..).....o.# #..##.....#
..######.o.# #.###.###..#
..#o####.###.# ##.#
####.@g#.<##..# ..#
###g#.###.## #.# #☼)...#.# .#
##### #.###...# .# #.....#.#
##..# ........# ####
........# .. ........# .
...g..... ##


You could see 2 gnolls and 3 orcs.

Vanquished Creatures
  Terence (D:3)
  A hound skeleton (D:3)
  2 gnolls (D:3)
  2 dart slugs
  A ball python (D:2)
  6 endoplasms
  7 goblins
  4 hobgoblins
  4 quokkas
  7 bats
  2 kobolds (D:1)
  3 rats
40 creatures vanquished.

Notes
Turn   | Place    | Note
-------+----------+-------------------------------------------
     0 | D:1      | zazu2006 the Naga Hedge Wizard began the quest for the Orb.
     0 | D:1      | Reached XP level 1. HP: 15/15 MP: 4/4
   351 | D:1      | Reached XP level 2. HP: 22/22 MP: 4/6
  1278 | D:2      | Reached XP level 3. HP: 27/28 MP: 0/8
  1282 | D:2      | Learned a level 3 spell: Mephitic Cloud
  1286 | D:2      | Learned a level 3 spell: Conjure Flame
  1289 | D:2      | Learned a level 2 spell: Blink
  1675 | D:2      | Found a faded altar of an unknown god.
  2074 | D:3      | Noticed Sigmund
  2378 | D:3      | Reached XP level 4. HP: 27/36 MP: 1/9
  2404 | D:3      | Noticed Terence
  2429 | D:3      | Killed Terence
  2430 | D:3      | Reached skill level 4 in Spellcasting
  2621 | D:3      | Killed by miscasting Mephitic Cloud

Illustrated notes

Levels and vault maps discovered:
D:1:      ncdulo_wetmaze, layout_basic, chequers_serial_rivers_micro_c
D:2:      layout_loops_ring, shapermc_ecumenical_altar_totnotflames,
          kennysheep_boxes
D:3:      layout_rooms, minmay_misc_feat_rows, uniq_sigmund, uniq_terence

Skill      XL: |  1  2  3  4 |
---------------+-------------+-----
Spellcasting   | 4 |  4.1
Conjurations   | 2 |  2.5
Dodging        | |  1.8
Stealth        | |  3.6
Summonings     | |  1.0
Translocations | |  1.0

Action                   |  1- 3 |  4- 6 || total
-------------------------+-------+-------++-------
Melee: Dagger            |     8 |    12 ||    20
 Cast: Magic Dart        |    85 |    12 ||    97
       Mephitic Cloud    |       |     3 ||     3
 Abil: Spit Poison       |    12 |     6 ||    18
  Use: Potion            |       |     1 ||     1
Armor: Robe              |    10 |     1 ||    11
Dodge: Dodged            |    17 |     7 ||    24

Table legend: (Time is in decaauts)
 A = Elapsed time spent in this place.
 B = Non-inter-level travel time spent in this place.
 C = Inter-level travel time spent in this place.
 D = Time resting spent in this place.
 E = Time spent auto-exploring this place.
 F = Levels seen in this place.
 G = Mean time per level.
                   A        B        C        D        E       F      G
               +--------+--------+--------+--------+--------+-----+--------+
         Total |   3253 |   3211 |     42 |     41 |   2681 |   3 | 1084.3 |
       Dungeon |   3253 |   3211 |     42 |     41 |   2681 |   3 | 1084.3 |
               +--------+--------+--------+--------+--------+-----+--------+

Top non-repeatable levels by time:
     D:1: 1468 daAuts
     D:2: 1275 daAuts
     D:3: 508 daAuts
